 Dungeon Crawl Stone Soup version 0.26-a0-1147-g3780a7a11b (webtiles) character file.

Game seed: 3177288982531714991

21612 vvl the Grappler (level 12, -3/104 HPs)
             Began as a Troll Monk on Dec 23, 2020.
             Was a High Priest of Kikubaaqudgha.
             Slain by a six-headed hydra (14 damage)
             ... on level 1 of the Lair of Beasts.
             The game lasted 01:13:58 (12342 turns).

vvl the Grappler (Troll Monk)                      Turns: 12342, Time: 01:13:59

Health: -3/104     AC: 10    Str: 26    XL:     12   Next: 55%
Magic:  14/14      EV: 10    Int:  6    God:    Kikubaaqudgha [*****.]
Gold:   714        SH:  5    Dex: 12    Spells: 1/15 levels left

rFire    . . .     SeeInvis +   R - +5 flail (freeze)
rCold    . . .     Faith    .   (no shield)
rNeg     . . .     Spirit   .   g - +0 troll leather armour
rPois    .         Reflect  +   D - +0 hat
rElec    .         Harm     .   N - +0 cloak
rCorr    .         Rampage  .   (gloves unavailable)
Will     +....                  (boots unavailable)
Stlth    +.........             o - amulet of reflection
HPRegen  1.07/turn              d - ring of willpower
MPRegen  0.14/turn              a - ring of see invisible

@: no status effects
A: large, unfitting armour, claws 3, regeneration 1, shaggy fur 1, tough skin 3
a: Renounce Religion, Receive Corpses, Torment


You were on level 1 of the Lair of Beasts.
You worshipped Kikubaaqudgha.
Kikubaaqudgha was extremely pleased with you.
You visited 3 branches of the dungeon, and saw 14 of its levels.
You also visited: Bailey.

You collected 1104 gold pieces.
You spent 390 gold pieces at shops.

Inventory:

Hand Weapons
 R - a +5 flail of freezing (weapon)
Missiles
 C - 16 javelins (quivered)
 H - 5 large rocks
Armour
 g - a +0 troll leather armour (worn)
 D - a +0 hat (worn)
 N - a +0 cloak (worn)
Magical Staves
 j - an uncursed staff of cold
Jewellery
 a - a ring of see invisible (right claw)
 d - a ring of willpower (left claw)
 n - an uncursed amulet of magic regeneration
 o - an amulet of reflection (around neck)
 F - an uncursed ring of poison resistance
 L - an uncursed amulet of regeneration
 T - the amulet "Ynuhih" {rPois Regen+ MP+9 Str-5}
   (You found it on level 9 of the Dungeon)

   [amulet of regeneration]

   It affects your strength (-5).
   It protects you from poison.
   It affects your magic capacity (+9).
   It increases your rate of regeneration.
Wands
 r - a wand of random effects (5)
 y - a wand of polymorph (5)
 A - a wand of digging (9)
 B - a wand of acid (7)
 E - a wand of flame (49)
Scrolls
 b - a scroll of blinking
 c - 5 scrolls of immolation
 e - 3 scrolls of amnesia
 f - a scroll of noise {unknown}
 h - 3 scrolls of random uselessness {unknown}
 k - 5 scrolls of remove curse
 l - 4 scrolls of enchant weapon
 m - 5 scrolls of fog
 p - 5 scrolls of teleportation
 t - a scroll of torment {unknown}
 u - 5 scrolls of magic mapping
 v - 5 scrolls of enchant armour
 w - 4 scrolls of fear
Potions
 i - 3 potions of brilliance
 q - 5 potions of lignification
 s - a potion of berserk rage {unknown}
 x - 2 potions of flight
 z - a potion of invisibility {unknown}
 G - a potion of haste
 I - 2 potions of cancellation
 K - a potion of magic {unknown}
 M - 3 potions of curing
 O - 2 potions of heal wounds
 S - a potion of might {unknown}


   Skills:
 - Level 2.4 Fighting
 + Level 7.7 Armour
 - Level 2.4 Dodging
 - Level 1.0 Stealth
 * Level 14.9 Unarmed Combat
 + Level 2.3 Spellcasting
 + Level 9.1 Necromancy


You had one spell level left.
You knew the following spells:

 Your Spells              Type           Power        Failure   Level
a - Pain                  Necr           44%          1%          1
b - Sublimation of Blood  Necr           5%           1%          2
c - Animate Dead          Necr           5%           11%         4
d - Vampiric Draining     Necr           5%           3%          3
e - Dispel Undead         Necr           11%          11%         4

Your spell library contained the following spells:

 Spells                   Type           Power        Failure   Level
 Beastly Appendage        Tmut           0%           41%         1
 Corpse Rot               Necr/Air       N/A          11%         2
 Agony                    Necr           11%          28%         5
 Excruciating Wounds      Necr           5%           28%         5
 Wereblood                Tmut           0%           56%         2
 Spider Form              Tmut/Pois      0%           80%         3
 Ice Form                 Ice/Tmut       0%           99%         4
 Blade Hands              Tmut           0%           100%        5
 Simulacrum               Ice/Necr       3%           100%        6


Dungeon Overview and Level Annotations

Branches:
Dungeon (12/15)            Temple (1/1) D:6            Lair (1/6) D:9
    Orc (0/2) D:10         Bailey (visited)

Altars:
Ashenzari
Cheibriados
Dithmenos
Elyvilon
Fedhas
Gozag
Hepliaklqana
Kikubaaqudgha
Makhleb
Nemelex Xobeh
Okawaru
Qazlal
Ru
Sif Muna
Trog
Uskayaw
Vehumet
Xom
Yredelemnul
Zin
The Shining One

Shops:
D:2 *   D:8 =   D:9 =


Innate Abilities, Weirdness & Mutations

You are too large for most types of armour.
You have claws for hands.
Your natural rate of healing is unusually fast.
You are covered in fur. (AC +1)
You have extremely tough skin. (AC +3)


Message History

You freeze the six-headed hydra. You claw the six-headed hydra.
The six-headed hydra is almost dead.
The six-headed hydra bites you. The six-headed hydra barely misses you.
The six-headed hydra bites you!
* * * LOW HITPOINT WARNING * * *
The six-headed hydra bites you but does no damage.
The six-headed hydra bites you.
* * * LOW HITPOINT WARNING * * *
The six-headed hydra bites you!
* * * LOW HITPOINT WARNING * * *
You hit the six-headed hydra.
The six-headed hydra seems to slow down.
You freeze the six-headed hydra.
The six-headed hydra is almost dead.
The six-headed hydra is no longer covered in acid.
The six-headed hydra closely misses you.
The six-headed hydra completely misses you.
The six-headed hydra bites you!
You die...
Kikubaaqudgha rasps: "You have failed me!
Welcome... death!"

.P....#..... ..#
#.!.......[....#
###....#... ....##
###.#....##.+#+....#
D......
...........(......#
......
..................#
..... ..
..................#
.... ...
........D.........#
... ...
.......@..........#
..##.##.
........#.#.####P.##
..#.....
.#....######.# #...#
........ #....
...+..## ..#.....
#... ...#..#
..#..... .....
...##.#
..#.l..........
..##.#
..........#....# #.#
..#.......#....P #.#


You could see a six-headed hydra (slow).

Vanquished Creatures
  Josephine (D:11)
  Harold (D:10)
  A hydra (Lair:1)
  3 two-headed ogres
  A death yak (D:9)
  Urug (D:10)
  Nergalle (D:11)
  A wolf spider (Lair:1)
  An orc knight (Bailey)
  An elephant (D:9)
  A cane toad (Lair:1)
  A kobold demonologist (D:11)
  3 komodo dragons (Lair:1)
  2 trolls
  2 hornets (D:10)
  The ghost of Epicbro the Firebug, an amateur DrFE of Vehumet (D:6)
  Grinder (D:4)
  Prince Ribbit (D:7)
  5 blink frogs (Lair:1)
  Sigmund (D:2)
  A wyvern (D:9)
  3 wraiths
  A basilisk (D:9)
  Eustachio (D:4)
  3 yaks (D:10)
  A soldier ant (D:11)
  3 water moccasins (Lair:1)
  5 ice beasts
  3 phantoms
  2 black bears
  A sky beast (D:8)
  8 ogres
  13 orc warriors
  An eye of draining (D:10)
  2 necrophages
  8 centaurs
  8 big kobolds
  12 bullfrogs
  2 gnoll sergeants (D:11)
  8 scorpions
  21 wights
  3 electric eels (D:7)
  4 howler monkeys
  2 bullfrog zombies
  3 centaur zombies
  2 quasits
  4 centaur skeletons
  7 hounds
  A jelly (D:6)
  A bullfrog skeleton (D:9)
  8 orc priests
  Ijyb (D:5)
  2 iguanas
  5 orc wizards
  11 worker ants
  A hound zombie (D:6)
  A howler monkey zombie (D:6)
  2 worker ant zombies
  19 gnolls
  19 adders
  2 oozes
  2 ufetubi
  An adder zombie (D:8)
  An adder skeleton (D:5)
  5 worms
  3 dart slugs (D:2)
  6 leopard geckos
  39 orcs
  2 giant cockroaches
  28 goblins
  15 hobgoblins
  12 jackals
  2 quokkas
  6 bats
  4 frilled lizards
  A jackal skeleton (D:4)
  26 kobolds
  A leopard gecko skeleton (D:6)
  8 rats
397 creatures vanquished.

Vanquished Creatures (others)
  27 fungi
  55 plants (Lair:1)
82 creatures vanquished.

Grand Total: 479 creatures vanquished

Notes
Turn   | Place    | Note
-------+----------+-------------------------------------------
     0 | D:1      | vvl the Troll Monk began the quest for the Orb.
     0 | D:1      | Reached XP level 1. HP: 22/22 MP: 0/0
   239 | D:1      | Reached XP level 2. HP: 29/29 MP: 1/1
   846 | D:2      | Found Zin's Purification Station.
   849 | D:2      | Found a glowing silver altar of Zin.
   855 | D:2      | Reached skill level 1 in Necromancy
   940 | D:2      | Reached XP level 3. HP: 36/36 MP: 2/2
  1028 | D:2      | Reached skill level 4 in Unarmed Combat
  1115 | D:2      | Found a burning altar of Makhleb.
  1420 | D:2      | Noticed Sigmund
  1432 | D:2      | Killed Sigmund
  1433 | D:2      | Reached skill level 5 in Unarmed Combat
  1433 | D:2      | Reached XP level 4. HP: 32/44 MP: 3/3
  1433 | D:2      | Reached XP level 5. HP: 36/50 MP: 4/4
  1795 | D:2      | Found a sparkling altar of Nemelex Xobeh.
  2197 | D:3      | Found a shadowy altar of Dithmenos.
  2259 | D:3      | Reached XP level 6. HP: 59/59 MP: 5/5
  2288 | D:3      | You fall into a shaft and drop 2 floors!
  2288 | D:5      | Entered Level 5 of the Dungeon
  2323 | D:5      | Noticed Ijyb
  2341 | D:5      | Killed Ijyb
  2345 | D:5      | Reached skill level 6 in Unarmed Combat
  2431 | D:5      | Got a warped ring mail
  2516 | D:4      | HP: 2/59 [orc priest/divine providence (10)]
  3041 | D:4      | Reached XP level 7. HP: 66/66 MP: 6/6
  3074 | D:4      | HP: 2/66 [something (3)]
  3094 | D:4      | Reached skill level 7 in Unarmed Combat
  3298 | D:4      | Noticed a troll
  3347 | D:4      | Killed a troll
  3450 | D:4      | Found a stormy altar of Qazlal.
  3460 | D:4      | Noticed Eustachio
  3474 | D:4      | Killed Eustachio
  3475 | D:4      | Reached skill level 8 in Unarmed Combat
  3475 | D:4      | Reached XP level 8. HP: 28/74 MP: 7/7
  3585 | D:4      | Noticed Grinder
  3610 | D:4      | Killed Grinder
  3907 | D:5      | Got an encrusted leather armour
  4136 | D:5      | Reached skill level 9 in Unarmed Combat
  4326 | D:5      | Got a translucent short sword
  4411 | D:6      | Found a staircase to the Ecumenical Temple.
  4417 | D:6      | Reached skill level 1 in Armour
  4442 | Temple   | Entered the Ecumenical Temple
  4651 | Temple   | Became a worshipper of Kikubaaqudgha
  4651 | Temple   | Reached * piety under Kikubaaqudgha
  4651 | Temple   | Identified Kikubaaqudgha's Reference Book on Dark Rites
                  | (Kikubaaqudgha gifted it to you in the Ecumenical Temple)
  4651 | Temple   | Received a gift from Kikubaaqudgha
  4651 | Temple   | Reached ** piety under Kikubaaqudgha
  4797 | D:6      | Found a broken altar of Ashenzari.
  4854 | D:6      | Found a blossoming altar of Fedhas.
  5044 | D:6      | Reached skill level 5 in Necromancy
  5044 | D:6      | Found a large runed translucent door.
  5068 | D:6      | Found a large runed translucent door.
  5127 | D:6      | Noticed Epicbro's ghost (amateur DrFE)
  5224 | D:6      | Found a basalt altar of Yredelemnul.
  5348 | D:6      | Reached XP level 9. HP: 66/80 MP: 8/8
  5570 | D:6      | Killed Epicbro's ghost
  5571 | D:6      | Reached skill level 10 in Unarmed Combat
  5764 | D:7      | Found a glowing golden altar of the Shining One.
  6339 | D:7      | Noticed Prince Ribbit
  6343 | D:7      | Killed Prince Ribbit
  6702 | D:8      | Reached skill level 11 in Unarmed Combat
  6762 | D:8      | Noticed a two-headed ogre
  6763 | D:8      | Found a flagged portal.
  6782 | D:8      | Killed a two-headed ogre
  6783 | D:8      | Reached XP level 10. HP: 46/88 MP: 9/9
  6793 | D:8      | Reached *** piety under Kikubaaqudgha
  6793 | D:8      | Identified Kikubaaqudgha's Reference Book on Darkness
                  | (Kikubaaqudgha gifted it to you on level 8 of the Dungeon)
  6793 | D:8      | Received a gift from Kikubaaqudgha
  6879 | Bailey   | Entered a bailey
  6983 | Bailey   | Noticed an orc knight
  7117 | Bailey   | Killed an orc knight
  7277 | D:8      | Found Kimierai's Jewellery Shoppe.
  7398 | D:8      | Reached skill level 12 in Unarmed Combat
  7398 | D:8      | Found a hazy altar of Hepliaklqana.
  7677 | D:9      | Found Ziecle Fumyj's Armour Emporium.
  7756 | D:9      | Noticed a two-headed ogre
  7777 | D:9      | Killed a two-headed ogre
  7778 | D:9      | Reached skill level 5 in Armour
  7914 | D:9      | Reached **** piety under Kikubaaqudgha
  8045 | D:9      | Found Tiulack's Jewellery Shoppe.
  8076 | D:9      | Found a basalt altar of Yredelemnul.
  8363 | D:9      | Got an ancient iron amulet
  8400 | D:9      | Noticed an elephant
  8400 | D:9      | Noticed a death yak
  8422 | D:9      | Killed an elephant
  8423 | D:9      | Reached XP level 11. HP: 85/94 MP: 10/10
  8431 | D:9      | Killed a death yak
  8495 | D:9      | Identified the amulet "Ynuhih" {rPois Regen+ MP+9 Str-5}
                  | (You found it on level 9 of the Dungeon)
  8515 | D:9      | Reached skill level 13 in Unarmed Combat
  8532 | D:9      | Found a staircase to the Lair.
  8613 | D:10     | Entered Level 10 of the Dungeon
  8690 | D:10     | Noticed Urug
  8735 | D:10     | Killed Urug
  8840 | D:10     | Paralysed by a hornet for 2 turns
  9169 | D:10     | Paralysed by a hornet for 1 turns
  9547 | D:10     | Noticed Harold
  9567 | D:10     | Killed Harold
  9687 | D:10     | Found a staircase to the Orcish Mines.
  9755 | D:10     | Reached ***** piety under Kikubaaqudgha
 10214 | D:10     | Reached skill level 14 in Unarmed Combat
 10621 | D:11     | Got a glimmering chain mail
 10863 | D:11     | Noticed Nergalle
 10869 | D:11     | Killed Nergalle
 10950 | D:11     | Reached XP level 12. HP: 89/104 MP: 12/12
 11087 | D:11     | Reached skill level 1 in Spellcasting
 11274 | D:11     | Noticed a two-headed ogre
 11282 | D:11     | Killed a two-headed ogre
 11489 | D:12     | Noticed Josephine
 11507 | D:11     | Killed Josephine
 11797 | D:8      | Bought an uncursed amulet of reflection for 390 gold pieces
 11902 | D:9      | Learned a level 1 spell: Pain
 11905 | D:9      | Learned a level 2 spell: Sublimation of Blood
 11910 | D:9      | Learned a level 4 spell: Animate Dead
 11914 | D:9      | Learned a level 3 spell: Vampiric Draining
 11919 | D:9      | Learned a level 4 spell: Dispel Undead
 11920 | Lair:1   | Entered Level 1 of the Lair of Beasts
 12137 | Lair:1   | Noticed a six-headed hydra
 12172 | Lair:1   | Killed a six-headed hydra
 12323 | Lair:1   | Noticed a six-headed hydra
 12342 | Lair:1   | Slain by a six-headed hydra

Illustrated notes

Levels and vault maps discovered:
D:1:      minmay_arrival_solitary_statue, layout_basic, serial_rivers,
          chequers_serial_rivers_micro_d, chequers_serial_rivers_small_3,
          chequers_serial_rivers_micro_c, chequers_serial_rivers_micro_a
D:2:      layout_basic, zin_purify, lemuel_doored_altar, marbit_many_paths,
          uniq_sigmund
D:3:      layout_basic, nicolae_overflow_hidden_temple
D:4:      minmay_chambers_of_fours, layout_rooms, kennysheep_mini, uniq_grinder,
          uniq_eustachio
D:5:      corexii_shantytown, layout_cave_pools, minivault_11, uniq_ijyb
D:6:      layout_basic, lemuel_round_altar, general_overflow_altar,
          evilmike_ruin_ashenzari, minmay_temple_entry_statues_pillars,
          ebering_ghost_disaster_area
D:7:      layout_basic, basic_altar, kennysheep_generic_room_2,
          uniq_prince_ribbit1
D:8:      layout_rooms, overflow_temple_1_default, enter_bailey_3, serial_shops,
          shop
D:9:      layout_basic, david_lair_generic, basic_altar, serial_shops,
          shop_statue, shop
D:10:     layout_basic, kennysheep_orc_monster_closet_entryway,
          minmay_fractal_squares_gapless_5, uniq_urug, uniq_harold
D:11:     layout_loops_ring, uniq_nergalle
D:12:     layout_small_grid, hangedman_decor_points, uniq_kirke, uniq_josephine,
          uniq_erolcha
Temple:   minmay_temple_bridge_abc
Lair:1:   minmay_lair_venomous_thicket, layout_regular_city

Skill      XL: |  1  2  3  4  5  6  7  8  9 10 11 12 |
---------------+-------------------------------------+-----
Necromancy     | 1 2 3 4 5 6 7 8 9 |  9.1
Unarmed Combat | 5 6 8 9 11 12 14 | 14.9
Armour         | 2 4 5 7 |  7.7
Spellcasting   | 2 |  2.3
Fighting       | |  2.4
Dodging        | |  2.4
Stealth        | |  1.0

Action                   |  1- 3 |  4- 6 |  7- 9 | 10-12 || total
-------------------------+-------+-------+-------+-------++-------
Melee: Unarmed           |   104 |   124 |   333 |   663 ||  1224
       Punch             |     1 |     2 |    11 |    44 ||    58
       Flail             |       |       |       |     8 ||     8
Throw: Large rock        |       |       |       |     3 ||     3
       Throwing net      |       |       |       |     4 ||     4
 Cast: Pain              |       |       |       |     4 ||     4
Evoke: Wand              |       |       |     1 |     9 ||    10
  Use: Potion            |       |     3 |     2 |     5 ||    10
       Scroll            |       |       |     4 |    14 ||    18
 Stab: Sleeping          |     4 |     2 |     6 |     3 ||    15
Armor: Robe              |    32 |    34 |    22 |       ||    88
       Troll leather arm |       |       |    75 |   237 ||   312
       Skin              |       |       |       |     5 ||     5
Dodge: Dodged            |    43 |    39 |   167 |   370 ||   619
Block: Other             |       |       |       |    22 ||    22

Table legend: (Time is in decaauts)
 A = Elapsed time spent in this place.
 B = Non-inter-level travel time spent in this place.
 C = Inter-level travel time spent in this place.
 D = Time resting spent in this place.
 E = Time spent auto-exploring this place.
 F = Levels seen in this place.
 G = Mean time per level.
                   A        B        C        D        E       F      G
               +--------+--------+--------+--------+--------+-----+--------+
         Total |  12155 |  10205 |   1950 |    919 |   6653 |  15 |  810.3 |
       Dungeon |  11201 |   9365 |   1836 |    745 |   6343 |  12 |  933.4 |
        Temple |    330 |    224 |    106 |      0 |    143 |   1 |  330.0 |
          Lair |    352 |    344 |      8 |     54 |    156 |   1 |  352.0 |
        Bailey |    271 |    271 |      0 |    120 |     11 |   1 |  271.0 |
               +--------+--------+--------+--------+--------+-----+--------+

Top non-repeatable levels by time:
    D:10: 1681 daAuts
     D:2: 1280 daAuts
     D:6: 1162 daAuts
     D:9: 1150 daAuts
     D:7: 1070 daAuts
     D:4: 1054 daAuts
    D:11: 903 daAuts
     D:8: 831 daAuts
     D:5: 810 daAuts
     D:1: 792 daAuts
     D:3: 411 daAuts
  Lair:1: 352 daAuts
  Temple: 330 daAuts
  Bailey: 271 daAuts
    D:12: 52 daAuts
